 Dungeon Crawl Stone Soup version 0.28.0-47-ge53b351184 (webtiles) character file.

Game seed: 456246474790873087

28 NinjaNoafa the Skirmisher (level 3, 0/31 HPs)
             Began as a Draconian Monk on May 2, 2022.
             Slain by a kobold
             ... wielding a +0 short sword
              (2 damage)
             ... on level 2 of the Dungeon.
             The game lasted 00:01:36 (1189 turns).

NinjaNoafa the Skirmisher (Draconian Monk)          Turns: 1189, Time: 00:01:37

Health: 0/31       AC:  6    Str: 15    XL:     3   Next: 0%
Magic:  3/3        EV: 12    Int: 10    God:
Gold:   32         SH:  0    Dex: 13    Spells: 2/2 levels left

rFire   . . .      SeeInvis .   d - +0 dagger (freeze)
rCold   . . .      Faith    .   (no shield)
rNeg    . . .      Spirit   .   (armour unavailable)
rPois   .          Reflect  .   (helmet restricted)
rElec   .          Harm     .   (no cloak)
rCorr   .          Rampage  .   i - +0 pair of gloves
Will    .....                   (no boots)
Stlth   ++........              (no amulet)
HPRegen 0.10/turn               (no ring)
MPRegen 0.08/turn               (no ring)

@: brilliant
A: AC +5, unfitting armour, cold-blooded
a: no special abilities


You were on level 2 of the Dungeon.
You visited 1 branch of the dungeon, and saw 2 of its levels.

You collected 32 gold pieces.

Inventory:

Hand Weapons
 d - a +0 dagger of freezing (weapon)
Missiles
 b - 31 stones (quivered)
Armour
 i - a +0 pair of gloves (worn)
Magical Staves
 h - a staff of poison
Scrolls
 c - a scroll of identify
 e - a scroll of immolation


   Skills:
 + Level 3.5 Fighting
 * Level 1.1 Short Blades
 - Level 3.0 Axes
 + Level 3.0 Dodging
 + Level 2.2 Stealth


You had 2 spell levels left.
You didn't know any spells.
Your spell library was empty.

Dungeon Overview and Level Annotations

Branches:
Dungeon (2/15)

Altars:


Innate Abilities, Weirdness & Mutations

Your plain brown scales are hard. (AC +5)
You cannot fit into any form of body armour.
You are cold-blooded and may be slowed by cold attacks.


Message History

The kobold hits you with a +0 short sword.
* * * LOW HITPOINT WARNING * * *
The kobold hits you but does no damage. The kobold barely misses you.
The kobold barely misses your ball python.
Your ball python misses the kobold.
Your ball python grabs the kobold.
Your ball python constricts the kobold.
The kobold struggles to escape constriction.
Your ball python bites the kobold.
Your ball python constricts the kobold.
The kobold dies!
The kobold throws a stone.
The stone closely misses you.
Your endoplasm misses the kobold.
The kobold throws a stone.
The stone hits you.
* * * LOW HITPOINT WARNING * * *
Your endoplasm barely misses the kobold.
Okay, then.
Your ball python closely misses the kobold.
Your ball python barely misses the kobold.
Your endoplasm freezes the kobold.
The kobold is frozen.
Your endoplasm hits the kobold but does no damage.
The kobold hits your endoplasm with a +0 short sword.
Your endoplasm dies!
Your endoplasm dissolves into shadows!
Your ball python bites the kobold.
Your ball python closely misses the kobold.
Your worm bites the kobold!
The kobold dies!
You have reached level 3!
Your experience leads to an increase in your attributes!
Increase (S)trength, (I)ntelligence, or (D)exterity?
You feel stronger. x2; Your scales feel tougher.
Your ball python closely misses the kobold.
Your ball python grabs the kobold.
Your ball python constricts the kobold.
The kobold struggles to escape constriction.
Your ball python loses its grip on the kobold.
There is a stone staircase leading up here.
Your ball python bites the kobold.
The kobold dies!
The kobold hits you with a +0 short sword.
You die...

................#
#####
............).S.#
............w..)###
................††#
...###..>.........#
#### #.........K..#
#..........K.#
#..........K.#
#..[.......@.#
###..........#
#..........#
############


You could see 3 kobolds, a friendly worm (summoned) and a friendly ball python
(summoned).

Vanquished Creatures
  A dart slug (D:1)
  An endoplasm (D:1)
  4 goblins (D:1)
  4 hobgoblins
  4 bats (D:1)
  2 frilled lizards (D:1)
  4 kobolds
  2 rats (D:2)
22 creatures vanquished.

Vanquished Creatures (collateral kills)
  3 kobolds (D:2)
3 creatures vanquished.

Grand Total: 25 creatures vanquished

Notes
Turn   | Place    | Note
-------+----------+-------------------------------------------
     0 | D:1      | NinjaNoafa the Draconian Monk began the quest for the Orb.
     0 | D:1      | Reached XP level 1. HP: 19/19 MP: 1/1
   322 | D:1      | Reached XP level 2. HP: 23/26 MP: 2/2
   785 | D:1      | Found a faded altar of an unknown god.
  1138 | D:2      | Reached skill level 1 in Short Blades
  1182 | D:2      | HP: 1/26 [kobold/stone (1)]
  1186 | D:2      | Reached XP level 3. HP: 2/31 MP: 3/3
  1189 | D:2      | Slain by a kobold

Illustrated notes

Levels and vault maps discovered:
D:1:      minmay_arrival_shattered_statue, layout_loops_ring,
          hellmonk_ecumenical_altar_heavens_door
D:2:      cheibrodos_fertilizer, layout_basic, serial_shops, nicolae_shop_trees,
          minivault_25

Skill      XL: |  1  2 |
---------------+-------+-----
Stealth        | 2 |  2.2
Dodging        | 3 |  3.0
Short Blades   | 1 |  1.1
Fighting       | |  3.5
Axes           | |  3.0

Action                   || total
-------------------------++-------
Melee: Hand axe          ||    22
       Dagger            ||    42
       Tailslap          ||     7
  Use: Scroll            ||     2
       Potion            ||     2
 Stab: Sleeping          ||     5
Armor: Skin              ||    24
Dodge: Dodged            ||    65
